 Dungeon Crawl Stone Soup version 0.29.1-15-g9cfb28693d (webtiles) character file.

Game seed: 9241532451502501726

4231 Smoke131 the Fighter (level 10, -6/110 HPs)
             Began as an Ogre Gladiator on Feb 28, 2023.
             Was a Follower of Okawaru.
             Splashed by a brown ugly thing's acid (9 damage)
             ... on level 8 of the Dungeon.
             The game lasted 00:22:04 (11279 turns).

Smoke131 the Fighter (Ogre Gladiator)              Turns: 11279, Time: 00:22:04

Health: -6/110     AC: -4    Str: 30    XL:     10   Next: 30%
Magic:  3/3        EV: 10    Int: 11    God:    Okawaru [*.....]
Gold:   160        SH:  0    Dex: 10    Spells: 9/9 levels left

rFire   . . .      SeeInvis .   B - +10 battleaxe of Causality {antimagic, rElec Int+2}
rCold   . . .      Faith    .   (shield currently unavailable)
rNeg    . . .      Spirit   .   b - +0 robe
rPois   .          Reflect  .   c - +1 hat
rElec   +          Harm     .   z - +2 cloak
rCorr   .          Rampage  .   (gloves unavailable)
Will    +....                   (boots unavailable)
Stlth   +.........              (no amulet)
HPRegen 0.28/turn               i - +4 ring of protection
MPRegen 0.08/turn               l - +6 ring of strength

@: corroded
A: large, unfitting armour, tough skin 1
a: Renounce Religion, Heroism


You were on level 8 of the Dungeon.
You worshipped Okawaru.
Okawaru was aware of your devotion.
You visited 2 branches of the dungeon, and saw 9 of its levels.
You also visited: Sewer.

You collected 482 gold pieces.
You spent 322 gold pieces at shops.

Inventory:

Hand Weapons
 k - a +1 broad axe
 B - the +10 battleaxe of Causality (weapon) {antimagic, rElec Int+2}
   (You bought it in a shop on level 4 of the Dungeon)

   It reduces the magical energy of the wielder, and disrupts the spells and
   magical abilities of those it strikes.
   Natural abilities and divine invocations are not affected.
   Int:       It affects your intelligence (+2).
   rElec:     It insulates you from electricity.
Missiles
 d - 3 throwing nets
 e - 4 large rocks (quivered)
 f - 5 boomerangs
 h - 56 stones
 q - 40 poisoned darts
 A - 3 datura-tipped darts
Armour
 b - a +0 robe (worn)
 c - a +1 hat (worn)
 z - a +2 cloak (worn)
Jewellery
 i - a +4 ring of protection (left hand)
 l - a +6 ring of strength (right hand)
Wands
 g - a wand of flame (36)
 x - a wand of quicksilver (6)
 y - a wand of mindburst (19)
Scrolls
 s - 4 scrolls of teleportation
Potions
 a - a potion of berserk rage {unknown}
 j - 2 potions of resistance
 m - 5 potions of curing
 n - a potion of mutation
 o - 5 potions of brilliance
 p - 2 potions of lignification
 r - 5 potions of flight
 t - a potion of magic {unknown}
 u - a potion of haste {unknown}
 v - 5 potions of heal wounds
 w - 4 potions of attraction


   Skills:
 - Level 10.0 Fighting
 + Level 8.2 Axes
 + Level 7.9 Throwing
 + Level 4.9 Armour
 - Level 3.0 Dodging
 + Level 2.4 Invocations


You had 9 spell levels left.
You didn't know any spells.
Your spell library contained the following spells:

 Spells                   Type           Power      Damage    Failure   Level
 Slow                     Hex            0%         N/A       34%         1
 Ensorcelled Hibernation  Hex/Ice        0%         N/A       47%         2
 Passwall                 Tmut/Erth      0%         N/A       47%         2
 Confusing Touch          Hex            0%         N/A       71%         3
 Dazzling Flash           Conj/Hex       0%         N/A       71%         3
 Gell's Gravitas          Tloc           0%         N/A       71%         3
 Lesser Beckoning         Tloc           0%         N/A       71%         3
 Swiftness                Air            0%         N/A       71%         3
 Teleport Other           Tloc           0%         N/A       71%         3
 Vampiric Draining        Necr           0%         2d6       71%         3
 Agony                    Necr           0%         N/A       100%        5
 Lee's Rapid Deconstruct  Erth           0%         3d5*      100%        5
 Silence                  Hex/Air        0%         N/A       100%        5
 Summon Small Mammal      Summ           Unusable   N/A       N/A         1
 Call Canine Familiar     Summ           Unusable   N/A       N/A         3
 Summon Guardian Golem    Hex/Summ       Unusable   N/A       N/A         3
 Summon Mana Viper        Hex/Summ       Unusable   N/A       N/A         5

Dungeon Overview and Level Annotations

Branches:
Dungeon (8/15)             Temple (1/1) D:7           Sewer (visited)
   Lair: D:8-11

Altars:
Cheibriados
Dithmenos
Gozag
Kikubaaqudgha
Makhleb
Okawaru
Qazlal
Ru
Sif Muna
Uskayaw
Wu Jian
Xom
Yredelemnul
The Shining One

Shops:
D:4 :[(

Portals:
Bailey: D:8


Innate Abilities, Weirdness & Mutations

You are too large for most types of armour.
You have tough skin. (AC +1)


Message History

Press: ? - help, Q - select action, (/) - cycle Shift-Dir - straight line, f - brown ugly thing
Aim: a brown ugly thing (65% to hit)
You throw a large rock.
The large rock closely misses the brown ugly thing.
You closely miss the brown ugly thing. The brown ugly thing pecks you.
The acid corrodes you!
You are splashed with acid.
You hit the brown ugly thing.
The brown ugly thing is lightly wounded.
The brown ugly thing pecks you! The acid corrodes you!
You are splashed with acid!
You slice the brown ugly thing!!
The brown ugly thing is heavily wounded.
The brown ugly thing pecks you!
You are splashed with acid!
The brown ugly thing pecks you!
You are splashed with acid!
You barely miss the brown ugly thing.
The brown ugly thing is heavily wounded.
The brown ugly thing pecks you! The acid corrodes you!
You are splashed with acid!
* * * LOW HITPOINT WARNING * * *
You slash the brown ugly thing!
The brown ugly thing is severely wounded.
The brown ugly thing completely misses you.
A gnoll comes into view.
It is wielding a +0 rapier and wearing the +2 scale mail "Pibaug" {*Slow Dex+7}.
The gnoll shouts!
You hit the brown ugly thing.
The brown ugly thing is severely wounded.
The brown ugly thing pecks you!
* * * LOW HITPOINT WARNING * * *
You are splashed with acid.
* * * LOW HITPOINT WARNING * * *
You slice the brown ugly thing!!
The brown ugly thing is almost dead.
The brown ugly thing misses you.
The brown ugly thing closely misses you.
You hit the brown ugly thing.
The brown ugly thing is almost dead.
The brown ugly thing pecks you!
* * * LOW HITPOINT WARNING * * *
The acid corrodes you!
You are splashed with acid!
You die...

... #.# ### ### #.# #.. ..# #.#
#.# #.### #.# #.# #...# #.######
#.# #...# ).)#####......# #.#
####...###
∩).>......###.####.#####.........
)........(..g..u@................
......#..###############.........
.###.###.# ####...### #u# ##.
#...# ..# #. #...# ### # #)<##
###.)# #..).# #.#.##


You could see a brown ugly thing and a gnoll.

Vanquished Creatures
  Pikel (D:7)
  3 yaks (D:6)
  Menkaure (D:5)
  A water moccasin (D:7)
  An ogre (D:5)
  An orc warrior (D:6)
  An ice beast (D:7)
  2 black bears
  A phantom (D:5)
  3 kobold brigands
  3 bullfrogs (D:7)
  A gnoll sergeant (D:7)
  2 necrophages (D:6)
  3 scorpions
  10 wights
  3 killer bees (D:8)
  2 howler monkeys
  Crazy Yiuf (D:5)
  2 orc priests (D:6)
  A gnoll bouda (D:7)
  5 hounds
  7 jellies
  Ijyb (D:5)
  2 iguanas
  6 orc wizards
  A merfolk avatar (Sewer)
  A merfolk siren (Sewer)
  7 adders
  10 gnolls
  3 river rats (Sewer)
  A shadow imp (D:5)
  2 white imps (D:7)
  An ufetubus (D:6)
  4 worms
  3 dart slugs
  28 orcs
  6 bats
  5 endoplasms
  5 giant cockroaches
  12 goblins
  5 hobgoblins
  44 kobolds
  4 quokkas
  22 ball pythons
  7 frilled lizards
  25 rats
260 creatures vanquished.

Vanquished Creatures (others)
  2 fungi (D:5)
  17 plants (D:6)
19 creatures vanquished.

Grand Total: 279 creatures vanquished

Notes
Turn   | Place    | Note
-------+----------+-------------------------------------------
     0 | D:1      | Smoke131 the Ogre Gladiator began the quest for the Orb.
     0 | D:1      | Reached XP level 1. HP: 22/22 MP: 1/1
   130 | D:1      | Reached skill level 3 in Fighting
   130 | D:1      | Reached XP level 2. HP: 4/31 MP: 2/2
  1041 | D:1      | Reached XP level 3. HP: 37/37 MP: 3/3
  1757 | D:2      | Reached XP level 4. HP: 46/48 MP: 4/4
  1836 | D:2      | Found a sacrificial altar of Ru.
  2081 | D:2      | Reached skill level 4 in Fighting
  2250 | D:2      | Reached XP level 5. HP: 54/54 MP: 5/5
  3165 | D:4      | Noticed a black bear
  3179 | D:4      | Killed a black bear
  3180 | D:4      | Reached skill level 5 in Fighting
  3180 | D:4      | Reached XP level 6. HP: 9/66 MP: 6/6
  3402 | D:4      | Found a glowing drain.
  3406 | Sewer    | Entered a sewer
  4216 | D:4      | Reached skill level 6 in Fighting
  4216 | D:4      | Reached skill level 5 in Axes
  4216 | D:4      | Reached XP level 7. HP: 50/70 MP: 7/7
  4590 | D:4      | Found Zikiasuq's Book Shoppe.
  4962 | D:4      | Found Niodowna's Antique Weapon Emporium.
  5009 | D:4      | Reached skill level 5 in Throwing
  5311 | D:4      | Found Ciech's Armour Shop.
  5384 | D:5      | Entered Level 5 of the Dungeon
  5391 | D:5      | Noticed Ijyb
  5394 | D:5      | Killed Ijyb
  5422 | D:4      | HP: 1/76 [iguana (3)]
  5424 | D:4      | Reached skill level 7 in Fighting
  5424 | D:4      | Reached XP level 8. HP: 1/87 MP: 8/8
  5997 | D:5      | Reached skill level 1 in Armour
  6071 | D:5      | Found a snail-covered altar of Cheibriados.
  6842 | D:5      | Found a runed translucent door.
  6843 | D:5      | Noticed Crazy Yiuf
  7229 | D:5      | Noticed Menkaure
  7239 | D:5      | Killed Menkaure
  7588 | D:5      | Reached skill level 8 in Fighting
  7773 | D:5      | Killed Crazy Yiuf
  7959 | D:6      | Reached XP level 9. HP: 97/97 MP: 9/9
  8314 | D:4      | Bought a crystal battleaxe for 322 gold pieces
  8314 | D:4      | Identified the +10 battleaxe of Causality {antimagic, rElec
                  | Int+2} (You bought it in a shop on level 4 of the Dungeon)
  8840 | D:6      | Found a stormy altar of Qazlal.
  8916 | D:6      | Got Sif Muna's Textbook on the Friendly Boulder
  8928 | D:6      | Reached skill level 9 in Fighting
 10158 | D:7      | Found a staircase to the Ecumenical Temple.
 10287 | Temple   | Entered the Ecumenical Temple
 10302 | Temple   | Became a worshipper of Warmaster Okawaru
 10368 | D:7      | Reached XP level 10. HP: 108/110 MP: 3/10
 10447 | D:7      | Reached skill level 1 in Invocations
 10556 | D:7      | Noticed Pikel
 10562 | D:7      | Killed Pikel
 10562 | D:7      | Reached * piety under Okawaru
 10563 | D:7      | Reached skill level 10 in Fighting
 11260 | D:8      | Noticed a brown ugly thing
 11261 | D:8      | Found a flagged portal.
 11276 | D:8      | Identified the +2 scale mail "Pibaug" {*Slow Dex+7}
 11279 | D:8      | HP: 3/110 [brown ugly thing (9)]
 11279 | D:8      | Splashed by a brown ugly thing's acid

Illustrated notes

Levels and vault maps discovered:
D:1:      heliophobic_arrival_enchanted_forest, layout_basic
D:2:      minmay_inner_zag, layout_loops_corners, serial_glass, glass_columns_b,
          glass_columns_a, glass_columns_b, glass_columns_a, glass_columns_c,
          basic_altar, chequers_garden, kennysheep_generic_room_3
D:3:      layout_basic
D:4:      layout_basic, gup_sewer_entry_spiral, serial_shops,
          nicolae_shop_stone, kennysheep_little_box, nicolae_shop_behind_doors
D:5:      layout_loops_ring, kennysheep_slug_shrine, uniq_ijyb,
          uniq_crazy_yiuf_cottage, uniq_menkaure
D:6:      kennysheep_kobold_camp, layout_basic, kennysheep_mini,
          kennysheep_generic_room_13
D:7:      layout_loops_corners, minmay_temple_entry_glassed_door, minmay_puff,
          uniq_pikel
D:8:      layout_loops_ring, enter_bailey_2, nrook_loot_triangle,
          kennysheep_generic_room_7
Temple:   cyrus_circular_temple

Skill      XL: |  1  2  3  4  5  6  7  8  9 10 |
---------------+-------------------------------+-----
Fighting       | 3 4 5 6 7 8 9 10 | 10.0
Dodging        | 3 |  3.0
Throwing       | 3 4 5 6 7 |  7.9
Axes           | 4 5 6 7 8 |  8.2
Armour         | 2 4 |  4.9
Invocations    | 2 |  2.4

Action                   |  1- 3 |  4- 6 |  7- 9 | 10-12 || total
-------------------------+-------+-------+-------+-------++-------
Melee: War axe           |   148 |   218 |    20 |       ||   386
       Punch             |     1 |     3 |     2 |       ||     6
       Broad axe         |       |       |   203 |       ||   203
       Battleaxe         |       |       |    72 |    48 ||   120
Throw: Boomerang         |     2 |    36 |     2 |       ||    40
       Large rock        |       |       |    19 |     1 ||    20
  Use: Scroll            |       |    11 |     7 |     3 ||    21
       Potion            |       |     1 |     1 |       ||     2
 Stab: Sleeping          |       |     1 |       |       ||     1
Armor: Robe              |    90 |   119 |   138 |    22 ||   369
Dodge: Dodged            |    93 |   143 |   187 |    31 ||   454
